 Dungeon Crawl Stone Soup version 0.31-a0-986-g5e6e4ef867 (webtiles) character file.

Game seed: 15602721865150282193

4781 Zonian the Thaumaturge (level 10, -6/50 HPs)
             Began as a Deep Elf Conjurer on Nov 8, 2023.
             Was a Believer of Vehumet.
             Mangled by a basilisk (15 damage)
             ... on level 8 of the Dungeon on Nov 9, 2023.
             The game lasted 00:33:29 (15761 turns).

Zonian the Thaumaturge (Deep Elf Conjurer)         Turns: 15761, Time: 00:33:29

Health: -6/50      AC:  8    Str:  4    XL:     10   Next: 23%
Magic:  7/25       EV: 14    Int: 28    God:    Vehumet [**....]
Gold:   1056       SH:  0    Dex: 13    Spells: 5/27 levels left

rFire   . . .        n - +1 dagger (speed)
rCold   . . .        (no shield)
rNeg    + . .        G - +0 steam dragon scales
rPois   .            (no helmet)
rElec   .            (no cloak)
rCorr   .            l - +1 pair of gloves
SInv    .            u - +0 pair of boots
Will    ++...        (no amulet)
Stlth   +++          k - ring of positive energy
HPRegen 0.28/turn    v - ring of willpower
MPRegen 0.19/turn

%: no passive effects
@: studying Ranged Weapons
A: no striking features
a: Renounce Religion


You were on level 8 of the Dungeon.
You worshipped Vehumet.
Vehumet was pleased with you.
You visited 3 branches of the dungeon, and saw 10 of its levels.
You also visited: Bailey.

You collected 1056 gold pieces.

Inventory:

Hand Weapons
 d - a +2 vampiric whip
 h - a +0 dagger
 n - a +1 dagger of speed (weapon)
 s - a +0 sling
 t - a +2 dagger of draining
 x - the +3 trident "Conservator" {speed, Int+5 Stlth+}
   (You found it on level 8 of the Dungeon)

   Int+5:     It affects your intelligence (+5).
   Stlth+:    It makes you more stealthy.
 y - the +6 hand axe of the Real Monster {spect, Str+3}
   (You found it on level 8 of the Dungeon)

   Str+3:     It affects your strength (+3).
Missiles
 m - 23 poisoned darts
 z - 12 boomerangs
Armour
 a - a +1 robe
 l - a +1 pair of gloves (worn)
 u - a +0 pair of boots (worn)
 G - +0 steam dragon scales (worn)
Jewellery
 k - a ring of positive energy (left hand)
 v - a ring of willpower (right hand)
 B - a ring of flight
Scrolls
 c - 4 scrolls of teleportation
 e - 3 scrolls of fog
 f - a scroll of vulnerability
 g - 2 scrolls of amnesia
 q - a scroll of immolation
 w - a scroll of identify
 D - a scroll of poison
 F - a scroll of revelation
Potions
 b - 3 potions of enlightenment
 i - 2 potions of attraction
 p - 2 potions of cancellation
 r - a potion of lignification
 C - a potion of heal wounds
 E - a potion of brilliance {unknown}
Miscellaneous
 A - a lightning rod (4/4)


   Skills:
 - Level 5.8 Dodging
 - Level 6.3 Stealth
 + Level 9.2 Spellcasting
 + Level 8.6 Conjurations
 + Level 8.2 Hexes
 + Level 1.3 Translocations
 + Level 2.5 Ice Magic
 + Level 4.6 Air Magic
 + Level 5.1 Poison Magic


You had 5 spell levels left.
You knew the following spells:

 Your Spells              Type           Power      Damage    Failure   Level
a - Magic Dart            Conj           100%       1d8       1%          1
b - Searing Ray           Conj           100%       2d8       1%          2
c - Dazzling Flash        Conj/Hex       100%       N/A       1%          3
d - Confusing Touch       Hex            56%        N/A       1%          3
e - Mephitic Cloud        Conj/Pois/Air  47%        N/A       1%          3
f - Hailstorm             Conj/Ice       44%        3d10      1%          3
g - Frozen Ramparts       Ice            54%        1d9       4%          3
h - Iskenderun's Mystic   Conj/Tloc      40%        2d9       5%          4

Your spell library contained the following spells:

 Spells                   Type           Power      Damage    Failure   Level
 Static Discharge         Conj/Air       100%       3-8/arc   1%          2
 Freeze                   Ice            100%       1d10      1%          1
 Slow                     Hex            100%       N/A       1%          1
 Poisonous Vapours        Pois/Air       80%        N/A       1%          2
 Sigil of Binding         Hex            56%        N/A       1%          3
 Tukima's Dance           Hex            56%        N/A       1%          3
 Fulminant Prism          Conj/Hex       28%        3d14      1%          4
 Lesser Beckoning         Tloc           40%        N/A       3%          2
 Dimensional Bullseye     Hex/Tloc       19%        N/A       6%          4
 Sublimation of Blood     Necr           12%        N/A       7%          2
 Wereblood                Tmut           12%        N/A       7%          2
 Gell's Gravitas          Tloc           20%        N/A       8%          3
 Teleport Other           Tloc           20%        N/A       8%          3
 Vampiric Draining        Necr           12%        2d6       13%         3
 Freezing Cloud           Conj/Ice/Air   21%        6-21      14%         5
 Summon Hydra             Summ           6%         N/A       100%        7


Dungeon Overview and Level Annotations

Branches:
Dungeon (8/15)             Temple (1/1) D:4            Lair (1/5) D:8
 Bailey (visited)

Altars:
Ashenzari
Elyvilon
Fedhas
Hepliaklqana
Kikubaaqudgha
Makhleb
Nemelex Xobeh
Okawaru
Qazlal
Ru
Trog
Vehumet
Wu Jian
Yredelemnul

Shops:
D:6 :


Message History

Aiming: Searing Ray (safe; 1% risk of failure)
Press: ? - help, Shift-Dir - straight line, f/p - black mamba
Aim: a black mamba (severely wounded, chance to confuse on hit: 73%, 72% to hit)
The searing ray hits the black mamba.
The black mamba is almost dead. (Press . to maintain the ray.)
You feel very sick. The black mamba closely misses you.
The searing ray hits the black mamba!
You kill the black mamba!
Vehumet accepts your kill.
You feel very sick.
Unknown command.
You feel sick. The basilisk gazes at you.
You are slowing down.
You climb upwards.
Welcome back to the Dungeon!
You feel very sick.
You have turned to stone.
The basilisk gazes at you. You resist with almost no effort.
Your hands stop glowing.
The basilisk bites you. The basilisk bites you!
* * * LOW HITPOINT WARNING * * *
The basilisk bites you.
* * * LOW HITPOINT WARNING * * *
The basilisk bites you but does no damage.
The basilisk gazes at you. You resist with almost no effort.
The basilisk gazes at you. You resist with almost no effort.
The basilisk bites you.
* * * LOW HITPOINT WARNING * * *
The basilisk gazes at you. You resist with almost no effort.
You turn to flesh and can move again.
There is a staircase to the Lair here.
You feel better. The basilisk bites you!
You die...

#..≈≈≈...# ############
##.≈≈≈≈≈..#### #..# #
#..≈≈_≈≈.....####..# #
#..≈≈.≈≈..##.......# #
#..≈≈.≈≈..#######..# #
#..≈≈.≈≈..# #..# # #..≈...≈..#
#..# # #..≈.8.≈..#######..# #
#..........l@......##########
###.#.####.#########.#.........
#...#..................#######.
#.################.....#######.
#.# #............. #.#
#......####.#. #.#
#.....).)..... #.############
#.#....####.#.
#............#####...........#.


You could see a basilisk.

Vanquished Creatures
  Pikel (D:7)
  A black mamba (Lair:1)
  A komodo dragon (D:7)
  A steam dragon (D:8)
  2 water moccasins (D:6)
  10 orc warriors
  An ice beast (D:6)
  A sky beast (D:7)
  A black bear (D:6)
  A centaur (D:7)
  3 phantoms
  A lemure (D:7)
  2 bullfrogs
  2 scorpions
  A wight (D:6)
  5 killer bees (D:8)
  A howler monkey (D:3)
  6 hounds
  4 jellies
  A gnoll bouda (D:5)
  7 orc priests
  6 iguanas
  4 sleepcaps
  12 orc wizards
  7 gnolls
  7 adders
  A white imp (D:5)
  6 worms
  5 dart slugs
  31 orcs
  8 ball pythons
  9 bats
  6 endoplasms
  A giant cockroach (D:4)
  5 goblins
  6 hobgoblins
  4 jackals (D:4)
  3 quokkas
  2 frilled lizards
  22 kobolds
  2 rats
200 creatures vanquished.

Notes
Turn   | Place    | Note
-------+----------+-------------------------------------------
     0 | D:1      | Zonian the Deep Elf Conjurer began the quest for the Orb.
     0 | D:1      | Reached XP level 1. HP: 10/10 MP: 6/6
   241 | D:1      | Reached XP level 2. HP: 15/15 MP: 5/8
  1432 | D:2      | Reached XP level 3. HP: 19/19 MP: 8/10
  2234 | D:2      | Reached XP level 4. HP: 24/24 MP: 7/11
  2659 | D:3      | Learned a level 2 spell: Searing Ray
  2663 | D:3      | Learned a level 3 spell: Dazzling Flash
  2680 | D:3      | Reached skill level 4 in Spellcasting
  3034 | D:3      | Reached skill level 5 in Conjurations
  3378 | D:4      | Reached skill level 1 in Hexes
  3385 | D:4      | Identified a scroll of acquirement
  3385 | D:4      | Acquired a book of Debilitation
  3712 | D:4      | Noticed a scorpion
  3721 | D:3      | Reached XP level 5. HP: 15/28 MP: 3/13
  4430 | D:4      | Found a staircase to the Ecumenical Temple.
  4438 | D:4      | Reached XP level 6. HP: 32/32 MP: 8/15
  4450 | Temple   | Entered the Ecumenical Temple
  4551 | Temple   | Became a worshipper of Vehumet
  4881 | D:4      | Reached skill level 5 in Spellcasting
  5729 | D:5      | Entered Level 5 of the Dungeon
  6446 | D:4      | Reached skill level 5 in Stealth
  6446 | D:4      | Reached XP level 7. HP: 26/36 MP: 3/17
  6739 | D:4      | Learned a level 3 spell: Confusing Touch
  7068 | D:5      | Reached skill level 5 in Dodging
  8407 | D:5      | Reached skill level 6 in Spellcasting
  9029 | D:6      | Reached XP level 8. HP: 41/41 MP: 14/19
  9295 | D:6      | Reached skill level 5 in Hexes
  9468 | D:6      | Learned a level 3 spell: Mephitic Cloud
  9622 | D:6      | Found a burning altar of Makhleb.
  9640 | D:6      | Reached skill level 1 in Air Magic
  9640 | D:6      | Reached skill level 1 in Poison Magic
  9981 | D:6      | Found Anaom's Book Emporium.
 10042 | D:6      | Reached skill level 7 in Spellcasting
 10155 | D:6      | Reached * piety under Vehumet
 10155 | D:6      | Offered knowledge of Kiss of Death by Vehumet.
 10553 | D:6      | Found an ornate altar of the Wu Jian Council.
 11318 | D:7      | Reached XP level 9. HP: 45/45 MP: 9/22
 11646 | D:7      | Noticed Pikel
 11657 | D:7      | Killed Pikel
 11658 | D:7      | Reached skill level 8 in Spellcasting
 12206 | D:7      | Found a white marble altar of Elyvilon.
 12216 | D:7      | Noticed a komodo dragon
 12298 | D:7      | Killed a komodo dragon
 12697 | D:8      | Identified the +3 trident "Conservator" {speed, Int+5
                  | Stlth+}
 12993 | D:8      | Found a flagged portal.
 13056 | D:8      | Identified the +6 hand axe of the Real Monster {spect,
                  | Str+3}
 13061 | Bailey   | Entered a bailey
 13066 | Bailey   | Learned a level 3 spell: Hailstorm
 13324 | Bailey   | Reached skill level 1 in Ice Magic
 13341 | Bailey   | Reached ** piety under Vehumet
 13341 | Bailey   | Offered knowledge of Static Discharge by Vehumet.
 13547 | Bailey   | Reached XP level 10. HP: 47/50 MP: 8/24
 13644 | Bailey   | Reached skill level 9 in Spellcasting
 13977 | Bailey   | Learned a level 3 spell: Frozen Ramparts
 13982 | Bailey   | Learned a level 4 spell: Iskenderun's Mystic Blast
 14469 | D:8      | Found a staircase to the Lair.
 14480 | D:8      | Found a bloodstained altar of Trog.
 14638 | D:8      | Found a blossoming altar of Fedhas.
 14871 | D:8      | Found a basalt altar of Yredelemnul.
 14981 | D:8      | Reached skill level 5 in Poison Magic
 15086 | D:8      | Reached skill level 1 in Translocations
 15367 | Lair:1   | Entered Level 1 of the Lair of Beasts
 15369 | Lair:1   | Noticed a black mamba
 15749 | Lair:1   | Killed a black mamba
 15761 | D:8      | Mangled by a basilisk

Illustrated notes

Levels and vault maps discovered:
D:1:      dpeg_arrival_brainrot, layout_loops_corners, roderic_roman_lattice
D:2:      layout_basic, chequers_serial_rivers_micro_e, minmay_pentomino_pile
D:3:      layout_loops_ring, chequers_serial_rivers_large_a,
          minmay_misc_feat_tiny
D:4:      layout_layer_cave, minmay_temple_entry_arrows, minmay_starry_boxes
D:5:      lemuel_ice_spiral_2, layout_rooms
D:6:      layout_basic, mainiacjoe_overflow_boulevard,
          nicolae_wu_jian_immortal_techniques, serial_shops, shop,
          serial_corexii_hall, corexii_hall_statues_i, corexii_hall_statues_i,
          dreamdust_wishing_well, kennysheep_generic_room_15
D:7:      layout_basic, elyvilon_altar_3, eino_curves_02, uniq_pikel
D:8:      layout_loops_ring, fedhas_altar_decomposition,
          mainiacjoe_overflow_catwalk, kennysheep_mini_moat, enter_bailey_2,
          hangedman_decor_lopped
Temple:   nicolae_temple_godpark
Lair:1:   beast_lair_carwin_large_3, layout_cave_pods,
          nicolae_lair_run_with_the_wolves, uniq_joseph

Skill      XL: |  1  2  3  4  5  6  7  8  9 10 |
---------------+-------------------------------+-----
Stealth        | 3 4 5 6 |  6.3
Dodging        | 3 4 5 |  5.8
Spellcasting   | 4 5 6 7 8 9 |  9.2
Conjurations   | 5 6 7 8 |  8.6
Hexes          | 1 2 3 4 6 7 8 |  8.2
Air Magic      | 2 4 |  4.6
Poison Magic   | 2 4 5 |  5.1
Ice Magic      | 1 2 |  2.5
Translocations | 1 |  1.3

Action                     |  1- 3 |  4- 6 |  7- 9 | 10-12 || total
---------------------------+-------+-------+-------+-------++-------
  Melee: Dagger            |       |     1 |     3 |     2 ||     6
         Whip              |       |       |     2 |       ||     2
         Hand axe          |       |       |     1 |       ||     1
         Trident           |       |       |     1 |       ||     1
   Cast: Magic Dart        |    80 |   133 |   206 |    16 ||   435
         Dazzling Flash    |       |     1 |     1 |     1 ||     3
         Searing Ray       |       |    14 |    69 |    17 ||   100
         Mephitic Cloud    |       |       |     9 |     2 ||    11
         Confusing Touch   |       |       |     2 |     2 ||     4
         Iskenderun's Myst |       |       |       |     2 ||     2
         Frozen Ramparts   |       |       |       |     1 ||     1
    Use: Scroll            |       |    14 |     4 |     2 ||    20
         Potion            |       |     1 |     5 |     1 ||     7
   Stab: Sleeping          |       |     1 |     1 |     1 ||     3
         Confused          |       |       |     1 |       ||     1
 Armour: Robe              |     9 |    33 |    45 |     2 ||    89
         Skin              |       |       |     6 |       ||     6
         Steam dragon scal |       |       |       |    24 ||    24
  Dodge: Dodged            |     7 |    37 |    66 |    11 ||   121

Table legend: (Time is in decaauts)
 A = Elapsed time spent in this place.
 B = Non-inter-level travel time spent in this place.
 C = Inter-level travel time spent in this place.
 D = Time resting spent in this place.
 E = Time spent auto-exploring this place.
 F = Levels seen in this place.
 G = Mean time per level.
                   A        B        C        D        E       F      G
               +--------+--------+--------+--------+--------+-----+--------+
         Total |  15782 |  15130 |    652 |   6807 |   6439 |  11 | 1434.7 |
       Dungeon |  14316 |  13680 |    636 |   5935 |   6278 |   8 | 1789.5 |
        Temple |    116 |    101 |     15 |     68 |      0 |   1 |  116.0 |
          Lair |     27 |     27 |      0 |      2 |      1 |   1 |   27.0 |
        Bailey |   1321 |   1321 |      0 |    802 |    160 |   1 | 1321.0 |
               +--------+--------+--------+--------+--------+-----+--------+

Top non-repeatable levels by time:
     D:4: 3849 daAuts
     D:6: 1867 daAuts
     D:7: 1812 daAuts
     D:8: 1721 daAuts
     D:1: 1346 daAuts
     D:5: 1325 daAuts
  Bailey: 1321 daAuts
     D:3: 1291 daAuts
     D:2: 1102 daAuts
  Temple: 116 daAuts
  Lair:1: 27 daAuts
